 Dungeon Crawl Stone Soup version 0.30-a0-760-g5a9884bb7c (webtiles) character file.

Game seed: 2407170097848888044

82088 Strat the Basher (level 15, -2/107 HPs)
             Began as a Gnoll Reaver on Feb 9, 2023.
             Was the Champion of Hepliaklqana.
             Killed by Olgreb's Toxic Radiance
             ... invoked by a naga ritualist
              (3 damage)
             ... on level 2 of the Snake Pit on Feb 10, 2023.
             The game lasted 00:51:31 (20429 turns).

Strat the Basher (Gnoll Reaver)                    Turns: 20429, Time: 00:51:31

Health: -2/107     AC: 20    Str: 18    XL:     15   Next: 72%
Magic:  16/30      EV: 17    Int: 12    God:    Hepliaklqana [******]
Gold:   654        SH:  6    Dex: 12    Spells: 15/37 levels left

rFire   . . .      SeeInvis .    a - +4 eveningstar (heavy)
rCold   . . .      Faith    .    K - +0 buckler
rNeg    . . .      Spirit   .    A - +0 acid dragon scales
rPois   .          Reflect  .    C - +0 helmet
rElec   .          Harm     .    t - +2 cloak
rCorr   +          Rampage  .    E - +2 pair of gloves
Will    +....                    f - +2 pair of boots
Stlth   ++++                     o - amulet of regeneration
HPRegen 1.17/turn                R - +5 ring of evasion
MPRegen 0.22/turn                g - ring of poison resistance

@: about to teleport, weakened, poison vulnerable, constricted
A: reduced essence, fangs 1, strong nose, distributed training
a: Renounce Religion, Recall Ancestor, Ancestor Identity, Transference, Idealise


You were on level 2 of the Snake Pit.
You worshipped Hepliaklqana.
Hepliaklqana was exalted by your worship.
You visited 5 branches of the dungeon, and saw 23 of its levels.

You collected 1991 gold pieces.
You spent 1337 gold pieces at shops.

Inventory:

Hand Weapons
 a - a +4 heavy eveningstar (weapon)
 b - the +9 sling of Meof Loetz {drain, Will+ rCorr Str+4}
   (You took it off Sonja on level 12 of the Dungeon)

   Str:       It affects your strength (+4).
   rCorr:     It protects you from acid and corrosion.
   Will:      It increases your willpower.
Missiles
 d - 43 poisoned darts
 i - 3 throwing nets
 n - 9 silver javelins
 O - 7 curare-tipped darts
Armour
 f - a +2 pair of boots (worn)
 t - a +2 cloak (worn)
 A - +0 acid dragon scales (worn)
 C - a +0 helmet (worn)
 E - a +2 pair of gloves (worn)
 K - a +0 buckler (worn)
Jewellery
 c - an amulet of the acrobat
 g - a ring of poison resistance (right hand)
 l - an amulet of reflection
 o - an amulet of regeneration (around neck)
 v - a +5 ring of evasion
 I - a ring of resist corrosion
 L - a ring of wizardry
 M - a ring of protection from fire
 R - a +5 ring of evasion (left hand)
Wands
 m - a wand of paralysis (19)
 p - a wand of acid (3)
 u - a wand of flame (39)
 w - a wand of polymorph (7)
 S - a wand of mindburst (9)
 T - a wand of roots (13)
Scrolls
 h - a scroll of magic mapping
 k - a scroll of vulnerability {unknown}
 q - 2 scrolls of enchant armour
 r - 4 scrolls of teleportation
 y - a scroll of amnesia
 z - a scroll of fog
 N - 2 scrolls of identify
 P - 4 scrolls of poison
 X - a scroll of enchant weapon
Potions
 e - 3 potions of brilliance
 j - 2 potions of mutation
 s - 3 potions of lignification
 x - 4 potions of haste
 D - 4 potions of flight
 G - 3 potions of magic
 J - 2 potions of berserk rage
 W - 7 potions of ambrosia
Miscellaneous
 B - a condenser vane


   Skills:
 + Level 11.6 Fighting
 + Level 10.7 Short Blades
 + Level 10.7 Long Blades
 + Level 10.7 Axes
 + Level 12.4 Maces & Flails
 + Level 10.7 Polearms
 + Level 10.7 Staves
 + Level 10.7 Ranged Weapons
 + Level 10.7 Throwing
 + Level 10.7 Armour
 + Level 11.6 Dodging
 + Level 10.7 Stealth
 + Level 10.7 Shields
 + Level 10.7 Unarmed Combat
 + Level 11.8 Spellcasting
 + Level 10.5 Conjurations
 + Level 9.0 Hexes
 + Level 9.0 Summonings
 + Level 9.0 Necromancy
 + Level 9.0 Translocations
 + Level 9.0 Transmutations
 + Level 9.0 Fire Magic
 + Level 9.0 Ice Magic
 + Level 9.0 Air Magic
 + Level 9.0 Earth Magic
 + Level 9.0 Poison Magic
 + Level 11.6 Invocations
 + Level 10.7 Evocations


You had 15 spell levels left.
You knew the following spells:

 Your Spells              Type           Power      Damage    Failure   Level
a - Manifold Assault      Tloc           28%        N/A       3%          4
b - Confusing Touch       Hex            28%        N/A       1%          3
c - Blink                 Tloc           56%        N/A       1%          2
d - Momentum Strike       Conj/Tloc      60%        3d9       1%          2
e - Vampiric Draining     Necr           28%        2d8       1%          3
f - Hailstorm             Conj/Ice       30%        3d8       1%          3
g - Passage of Golubria   Tloc           28%        N/A       3%          4
h - Kiss of Death         Conj/Necr      100%       2d13      1%          1

Your spell library contained the following spells:

 Spells                   Type           Power      Damage    Failure   Level
 Magic Dart               Conj           100%       1d8       1%          1
 Slow                     Hex            100%       N/A       1%          1
 Call Imp                 Summ           28%        N/A       1%          2
 Mephitic Cloud           Conj/Pois/Air  29%        N/A       1%          3
 Tukima's Dance           Hex            28%        N/A       1%          3
 Yara's Violent Unravell  Hex/Tmut       14%        3d7       11%         5
 Storm Form               Tmut/Air       14%        N/A       97%         7


Dungeon Overview and Level Annotations

Branches:
Dungeon (15/15)            Temple (1/1) D:4            Lair (3/5) D:8
  Swamp (0/4) Lair:3        Snake (2/4) Lair:3          Orc (2/2) D:12
    Elf (0/3) Orc:2        Vaults (0/5) D:13         Depths (0/4) D:15

Altars:
Ashenzari
Dithmenos
Elyvilon
Fedhas
Gozag
Hepliaklqana
Kikubaaqudgha
Makhleb
Nemelex Xobeh
Qazlal
Ru
Sif Muna
Trog
Uskayaw
Vehumet
Wu Jian
Xom
Yredelemnul
Zin
The Shining One

Shops:
D:1 *   D:2 (=*=   D:5 [   D:8 =[==   D:13 (   D:14 :   Orc:2 ![!:

Annotations:
D:3 1 runed translucent door, Crazy Yiuf
D:15 1 runed translucent door, exclusion: statue
Temple 4 transporters
Snake:1 2 transporters, Vomnuq's ghost, journeyman DsGl


Innate Abilities, Weirdness & Mutations

Your life essence is reduced to manifest your ancestor. (-10% HP)
You have very sharp teeth.
Your uncanny sense of smell can sniff out nearby items.
Your experience applies equally to all skills.


Message History

The anaconda constricts you.
* * * LOW HITPOINT WARNING * * *
The anaconda misses your black mamba. The anaconda bites your black mamba!
Your black mamba closely misses the anaconda.
You block the anaconda's attack.
As you read the scroll of teleportation, it crumbles to dust.
You feel strangely unstable. The anaconda bites you!
* * * LOW HITPOINT WARNING * * *
The anaconda constricts you. The anaconda grabs your black mamba.
The anaconda bites your black mamba!
The anaconda constricts your black mamba.
Your black mamba misses the anaconda.
You block the black mamba's attack. The anaconda barely misses you.
The anaconda misses you. The anaconda constricts you.
The anaconda bites your black mamba.
The anaconda constricts your black mamba.
The mana viper bites you!
* * * LOW HITPOINT WARNING * * *
You feel your power leaking away.
Your black mamba bites the anaconda!
The anaconda bites you!
* * * LOW HITPOINT WARNING * * *
The black mamba misses you.
The naga ritualist invokes the aid of its god against you.
You feel yourself grow more vulnerable to poison.
The anaconda's grasp on you weakens, but your attempt to escape fails.
You block the anaconda's attack. The anaconda constricts you.
* * * LOW HITPOINT WARNING * * *
The anaconda bites your black mamba!!
Your black mamba dies!
Your black mamba's corpse dissolves into shadows!
The black mamba bites you but does no damage.
The mana viper bites you!
* * * LOW HITPOINT WARNING * * *
You feel your power leaking away.
The anaconda bites you but does no damage.
The anaconda closely misses you. The anaconda constricts you.
The mana viper bites you but does no damage.
The black mamba closely misses you. The anaconda barely misses you.
The naga ritualist mumbles some strange prayers to its god.
The naga ritualist begins to radiate toxic energy.
You die...

..###.......
#....N.....
#.........
##........##
#.......#..####
...............
...............
#.S@S...... ##
###SNSS......
##.##.....#......
#........#####...
........## ^.
...##....# .
.........#
.........#
.........# ∆


You could see 3 anacondas, a naga ritualist (toxic aura, very poisoned), a mana
viper, a black mamba and a naga mage (asleep).

Vanquished Creatures
  Rupert (Lair:3)
  Kirke (Lair:3)
  Nessos (D:15)
  Azrael (Orc:2)
  A fire dragon (D:15)
  Erolcha (D:11)
  6 vault guards
  A centaur warrior (D:13)
  Harold (D:11)
  2 hydras (Lair:2)
  3 anacondas (Snake:1)
  3 boulder beetles
  An ogre mage (Orc:2)
  A two-headed ogre (D:10)
  A death knight (D:14)
  A naga warrior (Snake:1)
  An orc high priest (Orc:2)
  Urug (D:11)
  A naga sharpshooter (Snake:1)
  Nergalle (Lair:2)
  Sonja (D:12)
  2 shock serpents (Snake:1)
  4 skeletal warriors (D:15)
  A naga ritualist (Snake:1)
  A bog body (Lair:3)
  A sphinx zombie (D:15)
  A necromancer (D:15)
  A deep elf pyromancer (D:10)
  6 orc sorcerers
  2 orc knights (D:15)
  8 ugly things
  4 mana vipers (Snake:1)
  2 manticores
  A cyclops (D:14)
  A guardian serpent (Snake:1)
  5 elephants (Lair:3)
  3 salamanders
  4 black mambas
  A naga mage (Snake:1)
  A torpor snail (Lair:3)
  2 gargoyles
  A kobold demonologist (D:12)
  4 cane toads
  2 freezing wraiths (D:14)
  A komodo dragon (D:10)
  2 unseen horrors
  2 trolls
  3 meliai (D:12)
  A queen bee (D:12)
  Sigmund (D:3)
  11 slime creatures
  4 wraiths
  4 wyverns
  3 humans (D:7)
  9 yaks
  A fire elemental (Orc:2)
  3 vampire mosquitoes (D:13)
  A basilisk (D:12)
  2 steam dragons
  A hog (Lair:3)
  A warg (Orc:1)
  7 nagas
  2 acid dragons
  3 water moccasins
  2 hell hounds (Orc:2)
  13 orc warriors
  2 ice beasts
  A black bear (Lair:2)
  27 wolves
  6 centaurs
  A phantom (D:6)
  5 ogres
  2 kobold brigands (D:7)
  7 bullfrogs
  A necrophage (D:4)
  A gnoll sergeant (D:12)
  2 scorpions
  29 killer bees
  7 electric eels
  2 vampire bats (D:4)
  4 howler monkeys
  A crimson imp (D:5)
  2 jellies
  3 hounds (D:8)
  7 orc priests
  Terence (D:3)
  2 iguanas
  16 orc wizards
  4 hell rats (Lair:2)
  A boggart simulacrum (D:14)
  7 gnolls
  7 adders
  A shadow imp (D:6)
  2 dart slugs (D:5)
  30 orcs
  5 bat skeletons (D:4)
  A bat zombie (D:4)
  5 endoplasms
  4 giant cockroaches
  13 goblins
  4 hobgoblins
  2 jackals (D:1)
  2 quokkas
  8 ball pythons
  9 bats
  2 frilled lizards (D:1)
  4 kobolds
  9 rats
415 creatures vanquished.

Vanquished Creatures (collateral kills)
  An ettin (Orc:2)
  2 vault guards (D:13)
  An ogre mage (Orc:2)
  A hydra (Lair:3)
  A boulder beetle (D:13)
  A catoblepas (D:13)
  2 centaur warriors
  A naga warrior (Snake:1)
  A storm dragon zombie (D:15)
  2 skeletal warriors (D:15)
  A bog body (Lair:3)
  2 deep elf pyromancers
  A phantasmal warrior (D:15)
  A frost giant zombie (D:15)
  An orc knight (D:15)
  A manticore (D:12)
  5 orc sorcerers (Orc:2)
  2 ugly things
  A cyclops (D:11)
  A black mamba (Lair:3)
  A stone giant skeleton (D:15)
  A gargoyle (D:12)
  A cane toad (Lair:3)
  An unseen horror (D:13)
  2 komodo dragons (Lair:1)
  A polar bear (Lair:3)
  A slime creature (D:12)
  2 wyverns
  7 yaks
  A wraith (D:14)
  A hog (Lair:3)
  A golden eye (shapeshifter) (D:14)
  A human (D:7)
  A steam dragon (D:10)
  A fire elemental (Orc:2)
  2 vampire mosquitoes (D:13)
  2 nagas (Lair:3)
  A swamp worm (Lair:3)
  A water moccasin (Lair:2)
  2 hell hounds (Orc:2)
  An acid dragon (D:11)
  2 sky beasts (D:8)
  2 ice beasts (D:6)
  4 orc warriors
  3 ogres
  6 wolves (Lair:2)
  3 centaurs
  A bullfrog (Lair:2)
  A necrophage (D:5)
  10 killer bees
  2 howler monkeys
  An electric eel (Lair:3)
  8 orc priests
  An iguana (D:7)
  13 orc wizards
  2 hell rats (Lair:2)
  6 gnolls
  A shadow imp (D:7)
  23 orcs
  8 kobolds (D:7)
158 creatures vanquished.

Vanquished Creatures (others)
  A human (Lair:3)
  A naga (Lair:3)
  An orc wizard (Orc:2)
  18 knights
  An ancestor (D:5)
  18 fungi
  22 plants
  11 withered plants (D:15)
73 creatures vanquished.

Grand Total: 646 creatures vanquished

Notes
Turn   | Place    | Note
-------+----------+-------------------------------------------
     0 | D:1      | Strat the Gnoll Reaver began the quest for the Orb.
     0 | D:1      | Reached XP level 1. HP: 20/20 MP: 6/6
    99 | D:1      | Found Ybbas's Assorted Antiques.
   251 | D:1      | Reached XP level 2. HP: 23/26 MP: 7/7
   255 | D:1      | Learned a level 2 spell: Momentum Strike
   505 | D:1      | Found a faded altar of an unknown god.
  1104 | D:2      | Reached skill level 5 in Spellcasting
  1104 | D:2      | Reached XP level 3. HP: 31/31 MP: 7/9
  1273 | D:2      | Found Ujete's Jewellery Shop.
  1374 | D:2      | Found Sesueh's Antique Weapon Emporium.
  1416 | D:2      | Reached skill level 1 in Invocations
  1425 | D:2      | Reached skill level 1 in Short Blades
  1425 | D:2      | Reached skill level 1 in Long Blades
  1425 | D:2      | Reached skill level 1 in Axes
  1425 | D:2      | Reached skill level 1 in Polearms
  1425 | D:2      | Reached skill level 1 in Staves
  1425 | D:2      | Reached skill level 1 in Ranged Weapons
  1425 | D:2      | Reached skill level 1 in Throwing
  1425 | D:2      | Reached skill level 1 in Armour
  1425 | D:2      | Reached skill level 1 in Stealth
  1425 | D:2      | Reached skill level 1 in Shields
  1425 | D:2      | Reached skill level 1 in Unarmed Combat
  1425 | D:2      | Reached skill level 1 in Evocations
  1566 | D:2      | Found Rynacw's General Store.
  1638 | D:2      | Found Fomnuer's Jewellery Boutique.
  1656 | D:2      | Reached XP level 4. HP: 38/38 MP: 11/11
  2066 | D:3      | Noticed Terence
  2311 | D:3      | Learned a level 3 spell: Hailstorm
  2383 | D:3      | Noticed Sigmund
  2405 | D:3      | Reached skill level 1 in Hexes
  2405 | D:3      | Reached skill level 1 in Summonings
  2405 | D:3      | Reached skill level 1 in Necromancy
  2405 | D:3      | Reached skill level 1 in Translocations
  2405 | D:3      | Reached skill level 1 in Transmutations
  2405 | D:3      | Reached skill level 1 in Fire Magic
  2405 | D:3      | Reached skill level 1 in Ice Magic
  2405 | D:3      | Reached skill level 1 in Air Magic
  2405 | D:3      | Reached skill level 1 in Earth Magic
  2405 | D:3      | Reached skill level 1 in Poison Magic
  2531 | D:3      | Found a runed translucent door.
  2575 | D:3      | Noticed Crazy Yiuf
  2611 | D:3      | Identified the +4 spear of Meism {protect, +Blink rF+}
  2969 | D:3      | Killed Sigmund
  2970 | D:3      | Reached skill level 5 in Fighting
  2970 | D:3      | Reached skill level 5 in Dodging
  2970 | D:3      | Reached XP level 5. HP: 38/44 MP: 8/12
  2970 | D:3      | Reached XP level 6. HP: 44/51 MP: 9/14
  3062 | D:3      | Identified the +5 hammer of the Ageless Olives {heavy, rC+
                  | Stlth+}
  3076 | D:3      | Killed Terence
  3322 | D:4      | Found a staircase to the Ecumenical Temple.
  3352 | Temple   | Entered the Ecumenical Temple
  3352 | Temple   | Found a transporter.
  3352 | Temple   | Found a transporter.
  3354 | Temple   | Found a transporter.
  3354 | Temple   | Found a transporter.
  3370 | Temple   | Became a worshipper of Hepliaklqana the Forgotten
  3510 | D:4      | Found an ancient bone altar of Kikubaaqudgha.
  3646 | D:4      | Reached skill level 7 in Maces & Flails
  3646 | D:4      | Reached XP level 7. HP: 56/56 MP: 15/15
  3834 | D:5      | Entered Level 5 of the Dungeon
  4229 | D:5      | Reached * piety under Hepliaklqana
  4251 | D:5      | Found Vejack's Antique Armour Shop.
  4281 | D:5      | Reached XP level 8. HP: 50/56 MP: 14/16
  4317 | D:5      | Found a sparkling altar of Nemelex Xobeh.
  4396 | D:5      | Found an opulent altar of Gozag.
  4396 | D:5      | Found a stormy altar of Qazlal.
  4404 | D:5      | Found a faded altar of an unknown god.
  4408 | D:5      | Found a faded altar of an unknown god.
  4410 | D:5      | Found a broken altar of Ashenzari.
  4602 | D:5      | Found a burning altar of Makhleb.
  4754 | D:2      | Bought a potion of heal wounds for 55 gold pieces
  4754 | D:2      | Bought a potion of haste for 110 gold pieces
  4754 | D:2      | Bought a scroll of fog for 44 gold pieces
  5532 | D:6      | Reached ** piety under Hepliaklqana
  5533 | D:6      | Remembered your ancestor Qitarah as a knight
  5686 | D:6      | Reached XP level 9. HP: 56/62 MP: 18/18
  6143 | D:7      | Reached skill level 8 in Maces & Flails
  6148 | D:7      | Reached skill level 5 in Invocations
  6547 | D:8      | Found Urhiotz's Jewellery Boutique.
  6582 | D:8      | Noticed a troll
  6593 | D:8      | Found a staircase to the Lair.
  6614 | D:8      | Reached skill level 5 in Short Blades
  6614 | D:8      | Reached skill level 5 in Long Blades
  6614 | D:8      | Reached skill level 5 in Axes
  6614 | D:8      | Reached skill level 5 in Polearms
  6614 | D:8      | Reached skill level 5 in Staves
  6614 | D:8      | Reached skill level 5 in Ranged Weapons
  6614 | D:8      | Reached skill level 5 in Throwing
  6614 | D:8      | Reached skill level 5 in Armour
  6614 | D:8      | Reached skill level 5 in Stealth
  6614 | D:8      | Reached skill level 5 in Shields
  6614 | D:8      | Reached skill level 5 in Unarmed Combat
  6614 | D:8      | Reached skill level 5 in Evocations
  6614 | D:8      | Reached XP level 10. HP: 63/69 MP: 20/20
  6668 | D:8      | Found Urinel's Jewellery Emporium.
  6909 | D:8      | Found Hojofur's Jewellery Shop.
  6944 | D:8      | Found Erassoi's Antique Armour Emporium.
  7151 | D:8      | Reached *** piety under Hepliaklqana
  7557 | D:9      | Found a white marble altar of Elyvilon.
  8380 | D:10     | Entered Level 10 of the Dungeon
  8389 | D:10     | Reached skill level 9 in Maces & Flails
  8439 | D:10     | Killed an unseen horror
  8440 | D:10     | Reached skill level 5 in Hexes
  8440 | D:10     | Reached skill level 5 in Summonings
  8440 | D:10     | Reached skill level 5 in Necromancy
  8440 | D:10     | Reached skill level 5 in Translocations
  8440 | D:10     | Reached skill level 5 in Transmutations
  8440 | D:10     | Reached skill level 5 in Fire Magic
  8440 | D:10     | Reached skill level 5 in Ice Magic
  8440 | D:10     | Reached skill level 5 in Air Magic
  8440 | D:10     | Reached skill level 5 in Earth Magic
  8440 | D:10     | Reached skill level 5 in Poison Magic
  8440 | D:10     | Reached XP level 11. HP: 72/76 MP: 22/22
  8513 | D:10     | Noticed a deep elf pyromancer
  8527 | D:10     | Killed a deep elf pyromancer
  9035 | D:10     | Noticed a two-headed ogre
  9044 | D:10     | Killed a two-headed ogre
  9261 | D:10     | Learned a level 3 spell: Confusing Touch
  9265 | D:10     | Learned a level 3 spell: Vampiric Draining
  9294 | D:11     | Noticed a cyclops
  9327 | D:11     | Killed a cyclops
  9421 | D:11     | Reached **** piety under Hepliaklqana
  9479 | D:11     | Noticed Erolcha
  9658 | D:11     | Killed Erolcha
  9810 | D:11     | Noticed Urug
  9840 | D:11     | Killed Urug
  9934 | D:11     | Noticed Harold
  9949 | D:11     | Killed Harold
 10309 | D:2      | Bought a scroll of brand weapon for 104 gold pieces
 10460 | D:12     | Noticed Sonja
 10517 | Lair:1   | Entered Level 1 of the Lair of Beasts
 11416 | Lair:2   | Reached XP level 12. HP: 84/84 MP: 24/24
 11446 | Lair:2   | Noticed Nergalle
 11467 | Lair:2   | Reached ***** piety under Hepliaklqana
 11602 | Lair:2   | Killed Nergalle
 11738 | Lair:2   | Noticed a seven-headed hydra
 11762 | Lair:2   | Killed a seven-headed hydra
 11788 | Lair:2   | Noticed a six-headed hydra
 11797 | Lair:2   | Killed a six-headed hydra
 11798 | Lair:2   | Reached skill level 10 in Maces & Flails
 12202 | Lair:3   | Noticed Rupert
 12341 | Lair:3   | Paralysed by Rupert for 5 turns
 12345 | Lair:3   | HP: 1/85 [Rupert/+3 heavy great sword (35)]
 12377 | Lair:3   | Noticed a six-headed hydra
 12419 | Lair:3   | Killed a six-headed hydra
 12784 | Lair:3   | Killed Rupert
 12785 | Lair:3   | Reached XP level 13. HP: 58/90 MP: 26/26
 12854 | Lair:3   | Noticed Kirke
 12867 | Lair:3   | Noticed a sphinx
 12869 | Lair:3   | Killed Kirke
 12913 | Lair:3   | Found a staircase to the Snake Pit.
 13411 | Lair:3   | Found a staircase to the Swamp.
 13694 | D:12     | Found a staircase to the Orcish Mines.
 13702 | D:12     | Reached skill level 10 in Spellcasting
 13919 | D:12     | Found the +2 ratskin cloak {*Rats rPois rN+ Str-1 Int-1
                  | Dex+1}
 13986 | D:12     | Identified the +9 sling of Meof Loetz {drain, Will+ rCorr
                  | Str+4}
 14104 | D:12     | Killed Sonja
 14193 | D:12     | Reached skill level 10 in Fighting
 14193 | D:12     | Reached skill level 11 in Maces & Flails
 14193 | D:12     | Reached skill level 10 in Dodging
 14703 | Orc:1    | Entered Level 1 of the Orcish Mines
 15117 | Orc:2    | Entered Level 2 of the Orcish Mines
 15127 | Orc:2    | Noticed an ettin
 15134 | Orc:2    | Killed an ettin
 15273 | Orc:2    | Found a staircase to the Elven Halls.
 15371 | Orc:2    | Noticed Azrael
 15490 | Orc:2    | Reached XP level 14. HP: 88/99 MP: 28/28
 15492 | Orc:2    | Reached skill level 10 in Invocations
 15493 | Orc:2    | Killed Azrael
 15539 | Orc:2    | Paralysed by an orc sorcerer for 3 turns
 15671 | Orc:2    | Upgraded the game from 0.30-a0-757-ga6a79fd877 to
                  | 0.30-a0-760-g5a9884bb7c
 15774 | Orc:2    | Paralysed by an orc sorcerer for 4 turns
 15843 | Orc:2    | Found an ancient bone altar of Kikubaaqudgha.
 15848 | Orc:2    | Paralysed by an orc sorcerer for 3 turns
 15906 | Orc:2    | Found Luwnipt's Book Boutique.
 15930 | Orc:2    | Paralysed by an ogre mage for 5 turns
 16028 | Orc:2    | Found a radiant altar of Vehumet.
 16079 | Orc:2    | Found Rytav's Distillery.
 16080 | Orc:2    | Found Xuny's Antique Armour Shop.
 16100 | Orc:2    | Found Jigyixt's Distillery.
 16120 | Orc:2    | Bought a runed cloak for 240 gold pieces
 16120 | Orc:2    | Bought a pair of embroidered gloves for 240 gold pieces
 16184 | Orc:2    | Bought an Inescapable Atlas for 544 gold pieces
 16187 | Orc:2    | Learned a level 2 spell: Blink
 16192 | Orc:2    | Learned a level 4 spell: Passage of Golubria
 16197 | Orc:2    | Learned a level 4 spell: Manifold Assault
 16339 | D:13     | Found Iqeyf's Antique Weapon Shop.
 16380 | D:13     | Reached ****** piety under Hepliaklqana
 16413 | D:13     | Found a gate to the Vaults.
 17222 | D:13     | Found an opulent altar of Gozag.
 17393 | D:14     | Reached skill level 10 in Conjurations
 17427 | D:14     | Found Necegh's Book Shoppe.
 17751 | D:14     | Reached skill level 10 in Short Blades
 17751 | D:14     | Reached skill level 10 in Long Blades
 17751 | D:14     | Reached skill level 10 in Axes
 17751 | D:14     | Reached skill level 10 in Polearms
 17751 | D:14     | Reached skill level 10 in Staves
 17751 | D:14     | Reached skill level 10 in Ranged Weapons
 17751 | D:14     | Reached skill level 10 in Throwing
 17751 | D:14     | Reached skill level 10 in Armour
 17751 | D:14     | Reached skill level 10 in Stealth
 17751 | D:14     | Reached skill level 10 in Shields
 17751 | D:14     | Reached skill level 10 in Unarmed Combat
 17751 | D:14     | Reached skill level 10 in Evocations
 18038 | D:14     | Reached XP level 15. HP: 101/106 MP: 30/30
 18131 | D:15     | Entered Level 15 of the Dungeon
 18184 | D:15     | Reached skill level 12 in Maces & Flails
 18470 | D:15     | Found a staircase to the Depths.
 18670 | D:15     | Found a runed translucent door.
 18676 | D:15     | Identified the +4 quarterstaff "Maconeqi" {freeze, rN++
                  | Dex+4 SInv}
 18719 | D:15     | Found a radiant altar of Vehumet.
 19041 | D:15     | Noticed Nessos
 19168 | D:15     | Killed Nessos
 19644 | Snake:1  | Entered Level 1 of the Snake Pit
 19644 | Snake:1  | Found a transporter.
 19784 | Snake:1  | Found a transporter.
 19959 | Snake:1  | Noticed Vomnuq's ghost (journeyman DsGl)
 20404 | Snake:1  | You fall into a shaft and drop 1 floor!
 20429 | Snake:2  | HP: 1/107 [mana viper[a naga ritualist] (11)]
 20429 | Snake:2  | Killed from afar by a naga ritualist

Illustrated notes

Levels and vault maps discovered:
D:1:      dpeg_arrival_tiny_a, layout_loops_corners, serial_shops, shop,
          shapermc_ecumenical_altar_venn, minmay_statues_item
D:2:      layout_loops_ring, serial_shops, nicolae_shop_advertising_works
          [nicolae_subvault_shop_adworks], nicolae_shop_hallway_plus, shop,
          nicolae_shop_overgrown_old_shop
D:3:      layout_loops_ring, uniq_sigmund, uniq_crazy_yiuf_cottage, uniq_terence
D:4:      kennysheep_the_goblin_king, layout_basic, kennysheep_vampire_church,
          minmay_temple_entry_waves
D:5:      layout_basic, makhleb_grotto_becter, nemelex_diamond_rough_becter,
          chequers_temple_overflow_minitemple, serial_shops,
          nicolae_shop_overgrown_old_shop
D:6:      layout_layer_cave, minmay_misc_feat_plants
D:7:      layout_basic, minmay_ruffians
D:8:      layout_loops_corners, erik_lair_island, serial_shops, shop_statue,
          nicolae_take_the_stairs, kennysheep_little_box, nicolae_diamond_shop,
          minmay_misc_feat_roman
D:9:      layout_irregular_city, old_standard_altar, abandoned_shop,
          st_stairs_4, serial_bayou_ford_a
D:10:     layout_basic, serial_curves, eino_curves_04, eino_curves_02,
          minmay_chambers_of_fives
D:11:     layout_basic, uniq_harold, uniq_erolcha, uniq_urug
D:12:     layout_roguey, orc_0_dummy, special_room [special_room_bee],
          minmay_crystal_room, uniq_sonja
D:13:     layout_small_grid, erik_vaults_2, serial_shops, shop,
          nicolae_gozag_cash_rules_everything_around_me
D:14:     layout_basic, kennysheep_nondescript, serial_shops, shop
D:15:     gammafunk_depths_entry_grave, layout_long_grid, serial_park_gazebo
          [serial_park_minivault_5x5_5], minmay_st_funbox, nicolae_sextant,
          vehumet_statue, uniq_nessos
Temple:   hellmonk_temple_divided_pantheon
Lair:1:   layout_loops_ring, fungi_pond_lemuel, serial_bayou_shore_a,
          serial_bayou_shore_b
Lair:2:   layout_regular_city, grunt_forest_large_clearings, uniq_nergalle
Lair:3:   nzn_winding_woodlands_cross [nzn_winding_woodlands_5x15_pool,
          nzn_winding_woodlands_5x15_garden,
          nzn_winding_woodlands_5x15_split_checker,
          nzn_winding_woodlands_5x15_pathside_ponds,
          nzn_winding_woodlands_15x15_eel_pit], layout_loops_ring,
          nicolae_swamp_entry_splash_gauntlet,
          minmay_snake_entry_guardpost_medium, portal_ice_cave_entry_pillars_1,
          uniq_kirke, uniq_rupert
Snake:1:  layout_basic, gammafunk_ghost_berserking_beasts
Snake:2:  layout_onion_interference, grunt_megastairs_2, uniq_vashnia,
          uniq_roxanne
Orc:1:    layout_diamond_mine
Orc:2:    kennysheep_orc_mage_school, layout_caves, uniq_azrael

Skill      XL: |  1  2  3  4  5  6  7  8  9 10 11 12 13 14 15 |
---------------+----------------------------------------------+-----
Spellcasting   | 5 6 7 8 9 10 11 | 11.8
Invocations    | 1 2 3 4 5 6 7 8 9 10 11 | 11.6
Short Blades   | 1 2 3 5 6 7 8 9 10 | 10.7
Long Blades    | 1 2 3 5 6 7 8 9 10 | 10.7
Axes           | 1 2 3 5 6 7 8 9 10 | 10.7
Polearms       | 1 2 3 5 6 7 8 9 10 | 10.7
Staves         | 1 2 3 5 6 7 8 9 10 | 10.7
Ranged Weapons | 1 2 3 5 6 7 8 9 10 | 10.7
Throwing       | 1 2 3 5 6 7 8 9 10 | 10.7
Armour         | 1 2 3 5 6 7 8 9 10 | 10.7
Stealth        | 1 2 3 5 6 7 8 9 10 | 10.7
Shields        | 1 2 3 5 6 7 8 9 10 | 10.7
Unarmed Combat | 1 2 3 5 6 7 8 9 10 | 10.7
Evocations     | 1 2 3 5 6 7 8 9 10 | 10.7
Hexes          | 1 2 3 4 5 6 7 8 9 |  9.0
Summonings     | 1 2 3 4 5 6 7 8 9 |  9.0
Necromancy     | 1 2 3 4 5 6 7 8 9 |  9.0
Translocations | 1 2 3 4 5 6 7 8 9 |  9.0
Transmutations | 1 2 3 4 5 6 7 8 9 |  9.0
Fire Magic     | 1 2 3 4 5 6 7 8 9 |  9.0
Ice Magic      | 1 2 3 4 5 6 7 8 9 |  9.0
Air Magic      | 1 2 3 4 5 6 7 8 9 |  9.0
Earth Magic    | 1 2 3 4 5 6 7 8 9 |  9.0
Poison Magic   | 1 2 3 4 5 6 7 8 9 |  9.0
Fighting       | 5 6 7 8 9 10 11 | 11.6
Dodging        | 5 6 7 8 9 10 11 | 11.6
Maces & Flails | 7 8 9 10 11 12 | 12.4
Conjurations   | 6 7 8 9 10 | 10.5

Action                     |  1- 3 |  4- 6 |  7- 9 | 10-12 | 13-15 || total
---------------------------+-------+-------+-------+-------+-------++-------
  Melee: Mace              |   102 |    58 |   138 |   173 |       ||   471
         Bite              |     8 |     5 |     9 |    39 |    84 ||   145
         Flail             |       |    36 |       |       |       ||    36
         Punch             |       |     1 |     3 |     5 |       ||     9
         Eveningstar       |       |       |       |   175 |   694 ||   869
   Fire: Sling             |       |       |       |       |    23 ||    23
   Cast: Momentum Strike   |     3 |     5 |     3 |     4 |     3 ||    18
         Kiss of Death     |       |     1 |     1 |       |       ||     2
         Manifold Assault  |       |       |       |       |    13 ||    13
 Invoke: Ancestor Life: Kn |       |       |     1 |       |       ||     1
         Recall Ancestor   |       |       |       |    10 |    12 ||    22
  Evoke: Wand              |       |       |       |     5 |     5 ||    10
         Condenser vane    |       |       |       |     2 |     1 ||     3
    Use: Scroll            |     4 |     3 |     8 |    12 |     8 ||    35
         Potion            |       |     1 |     6 |     6 |    12 ||    25
   Stab: Sleeping          |       |     7 |     1 |    10 |    10 ||    28
         Distracted        |       |       |     1 |     3 |     6 ||    10
 Armour: Leather armour    |    29 |    10 |       |       |       ||    39
         Ring mail         |       |    22 |    59 |    31 |       ||   112
         Acid dragon scale |       |       |       |    98 |   284 ||   382
  Dodge: Dodged            |    74 |   104 |   148 |   532 |   930 ||  1788
  Block: Buckler           |       |       |       |    85 |   308 ||   393

Table legend: (Time is in decaauts)
 A = Elapsed time spent in this place.
 B = Non-inter-level travel time spent in this place.
 C = Inter-level travel time spent in this place.
 D = Time resting spent in this place.
 E = Time spent auto-exploring this place.
 F = Levels seen in this place.
 G = Mean time per level.
                   A        B        C        D        E       F      G
               +--------+--------+--------+--------+--------+-----+--------+
         Total |  21048 |  19224 |   1824 |   1800 |  11880 |  23 |  915.1 |
       Dungeon |  15206 |  13863 |   1343 |   1152 |   8936 |  15 | 1013.7 |
        Temple |     36 |     19 |     17 |      0 |      1 |   1 |   36.0 |
          Lair |   3443 |   3115 |    328 |    314 |   1928 |   3 | 1147.7 |
     Snake Pit |    692 |    692 |      0 |    179 |    253 |   2 |  346.0 |
  Orcish Mines |   1669 |   1535 |    134 |    155 |    761 |   2 |  834.5 |
               +--------+--------+--------+--------+--------+-----+--------+

Top non-repeatable levels by time:
  Lair:3: 1489 daAuts
     D:6: 1305 daAuts
    D:15: 1280 daAuts
   Orc:2: 1203 daAuts
     D:8: 1166 daAuts
     D:3: 1131 daAuts
    D:12: 1125 daAuts
     D:2: 1120 daAuts
     D:1: 1083 daAuts
    D:13: 1011 daAuts
  Lair:2: 1006 daAuts
    D:10: 1000 daAuts
    D:11: 996 daAuts
     D:5: 991 daAuts
  Lair:1: 947 daAuts
